 Dungeon Crawl Stone Soup version 0.30.1-11-g7821555f0a (webtiles) character file.

Game seed: 3631855700359129300

13902 Hank the Blocker (level 11, -8/101 HPs)
             Began as a Minotaur Fighter on Dec 10, 2023.
             Was an Elder of Okawaru.
             Mangled by Frances
             ... wielding a +0 hand axe
              (12 damage)
             ... on level 11 of the Dungeon on Dec 11, 2023.
             The game lasted 00:57:39 (15348 turns).

Hank the Blocker (Minotaur Fighter)                Turns: 15348, Time: 00:57:39

Health: -8/101     AC: 21    Str: 25    XL:     11   Next: 81%
Magic:  6/13       EV: 17    Int:  5    God:    Okawaru [****..]
Gold:   616        SH:  7    Dex: 10    Spells: 10/10 levels left

rFire   . . .        a - +4 trident (freeze)
rCold   + . .        c - +0 buckler
rNeg    . . .        g - +2 chain mail {rC+}
rPois   +            (helmet restricted)
rElec   .            k - +0 cloak {rPois}
rCorr   .            e - +1 pair of gloves
SInv    .            w - +0 pair of boots
Will    .....        (no amulet) Stlth
                     b - +5 ring of evasion
HPRegen 0.36/turn    L - +4 ring of slaying
MPRegen 0.13/turn

%: no passive effects
@: heroic, finesse-ful
A: horns 2, retaliatory headbutt
a: Renounce Religion, Heroism, Finesse


You were on level 11 of the Dungeon.
You worshipped Okawaru.
Okawaru was greatly pleased with you.
You visited 2 branches of the dungeon, and saw 13 of its levels.
You also visited: Ossuary.

You collected 766 gold pieces.
You spent 150 gold pieces at shops.

Inventory:

Hand Weapons
 a - a +4 trident of freezing (weapon)
 q - a +3 antimagic scimitar
 y - a +4 war axe
 Q - the +4 dagger of Doom {spect, Fly rElec Int+2}
   (You found it on level 7 of the Dungeon)

   Int:       It affects your intelligence (+2).
   rElec:     It insulates you from electricity.
   Fly:       It grants you flight.
 V - a +2 halberd
Missiles
 D - a javelin (quivered)
 G - 7 boomerangs
 O - 29 poisoned darts
Armour
 c - a +0 buckler (worn)
 e - a +1 pair of gloves (worn)
 g - a +2 chain mail of cold resistance (worn)
 k - a +0 cloak of poison resistance (worn)
 w - a +0 pair of boots (worn)
 x - an orb of mayhem
Jewellery
 b - a +5 ring of evasion (left hand)
 t - a ring of ice
 u - a ring of poison resistance
 z - a ring of positive energy
 L - a +4 ring of slaying (right hand)
 P - a +6 ring of dexterity
Wands
 h - a wand of paralysis (4)
 p - a wand of polymorph (16)
 s - a wand of digging (2)
Scrolls
 l - 7 scrolls of poison
 m - 2 scrolls of blinking
 n - 2 scrolls of magic mapping
 r - 2 scrolls of fear
 v - 5 scrolls of teleportation
 C - 3 scrolls of fog
Potions
 d - a potion of might
 f - 2 potions of lignification
 i - 5 potions of haste
 j - 8 potions of curing
 o - 4 potions of flight
 A - 3 potions of berserk rage
 E - a potion of cancellation
 F - a potion of resistance


   Skills:
 + Level 10.9(15.9) Fighting
 + Level 6.2(11.2) Short Blades
 - Level 7.8(12.8) Polearms
 - Level 3.7(8.7) Throwing
 + Level 10.8(15.8) Armour
 + Level 5.2(10.2) Dodging
 + Level 11.0(16.0) Shields
 - Level 4.6 Invocations
 - Level 3.4 Evocations


You had 10 spell levels left.
You didn't know any spells.
Your spell library contained the following spells:

 Spells                   Type           Power      Damage    Failure   Level
 Sting                    Tmut/Pois      0%         1d3       88%         1
 Poisonous Vapours        Pois/Air       0%         N/A       95%         2
 Dazzling Flash           Conj/Hex       0%         N/A       99%         3
 Ozocubu's Armour         Ice            0%         N/A       99%         3
 Volatile Blastmotes      Fire/Tloc      0%         2d10      99%         3
 Iskenderun's Mystic Bla  Conj/Tloc      0%         2d3       100%        4
 Manifold Assault         Tloc           0%         N/A       100%        4
 Olgreb's Toxic Radiance  Pois           0%         N/A       100%        4
 Agony                    Necr           0%         N/A       100%        5
 Metabolic Englaciation   Hex/Ice        0%         N/A       100%        5
 Silence                  Hex/Air        0%         N/A       100%        5
 Dispersal                Tloc           0%         N/A       100%        6
 Starburst                Conj/Fire      0%         6d3       100%        6
 Disjunction              Tloc           0%         N/A       100%        8
 Simulacrum               Ice/Necr       Unusable   N/A       N/A         6

Dungeon Overview and Level Annotations

Branches:
Dungeon (12/15)            Temple (1/1) D:6            Lair (0/5) D:9
    Orc (0/2) D:10        Ossuary (visited)

Altars:
Ashenzari
Cheibriados
Dithmenos
Elyvilon
Fedhas
Gozag
Hepliaklqana
Kikubaaqudgha
Makhleb
Nemelex Xobeh
Okawaru
Qazlal
Ru
Sif Muna
Trog
Uskayaw
Vehumet
Wu Jian
Xom
Yredelemnul
Zin
The Shining One

Shops:
D:9 [   D:11 **   D:12 *

Annotations:
D:11 3 runed translucent doors, Frances; Jerry's ghost, journeyman TrGl


Innate Abilities, Weirdness & Mutations

You have a pair of horns on your head.
You reflexively headbutt those who attack you in melee.


Message History

Frances seems to speed up.
You puncture Frances! You freeze Frances.
Frances is moderately wounded.
Frances chants phrases taken from a devil's mouth.
The shard of ice hits you!!! You partially resist.
You puncture Frances! You freeze Frances. You headbutt Frances.
Frances is moderately wounded.
Frances hits you but does no damage. Frances hits you with a +0 hand axe.
You barely miss Frances. Your headbutt misses Frances.
Frances is moderately wounded.
Frances hits you with a +0 hand axe!
* * * LOW HITPOINT WARNING * * *
You puncture Frances! You freeze Frances.
Frances is heavily wounded.
Frances hits you with a +0 hand axe!
* * * LOW HITPOINT WARNING * * *
You block Frances's attack.
You gain the combat prowess of a mighty hero.
You block Frances's attack.
Unknown command.
You can now deal lightning-fast blows.
You block Frances's attack. Frances hits you with a +0 hand axe!
* * * LOW HITPOINT WARNING * * *
Unknown command.
You puncture Frances! You freeze Frances.
Frances is heavily wounded.
You puncture Frances! You freeze Frances.
Frances is severely wounded.
You block Frances's attack.
You hit Frances. You freeze Frances. Your headbutt misses Frances.
Frances is severely wounded.
You barely miss Frances. You headbutt Frances.
Frances is severely wounded.
Frances whispers indecipherable words.
You puncture Frances! You freeze Frances.
Frances is severely wounded.
You puncture Frances! You freeze Frances. You headbutt Frances.
Frances is almost dead.
Frances hits you with a +0 hand axe!
You die...

.###.###########.##.#.#.#.#..#
.................##.#.#.....##
.##.###############.#.###.#.#
.##.# #....#.......#.....#.#
.##.# #.##.#.#############.#
.##.####.##.#...............#
.#.......##.#########.#######
.##########.#########.# .#
#....4@@4...# .# #############
.# ##


You could see Frances (fast), a hellwing (summoned) and a red devil (summoned).

Vanquished Creatures
  3 two-headed ogres
  Urug (D:12)
  Nergalle (D:12)
  2 manticores (D:11)
  2 gargoyles (D:11)
  A guardian serpent (D:12)
  3 unseen horrors
  2 komodo dragons
  4 trolls
  Prince Ribbit (D:5)
  4 slime creatures (D:10)
  4 wyverns
  4 wraiths
  Eustachio (D:4)
  2 vampires
  4 vampire mosquitoes (D:11)
  A steam dragon (D:8)
  4 acid dragons
  A water moccasin (D:7)
  An orc warrior (D:9)
  A black bear (D:3)
  3 ogres
  3 centaurs
  3 phantoms
  A kobold brigand (D:8)
  Blork the orc (D:6)
  4 bullfrogs
  A gnoll sergeant (D:10)
  4 wights (D:9)
  17 killer bees
  An electric eel (D:11)
  4 howler monkeys
  A jelly (D:6)
  6 hounds
  2 sleepcaps
  2 orc priests
  2 gnoll boudas (D:7)
  Jessica (D:3)
  Natasha (thrice) (D:3)
  5 iguanas
  6 orc wizards
  9 mummies
  10 adders
  15 gnolls
  2 shadow imps
  A white imp (D:4)
  3 worms
  3 dart slugs
  22 orcs
  8 ball pythons
  3 endoplasms
  10 giant cockroaches
  10 goblins
  5 hobgoblins
  6 jackals
  2 quokkas
  9 bats
  2 frilled lizards
  4 hobgoblin zombies (Ossuary)
  10 kobolds
  4 kobold zombies (Ossuary)
  6 rats
261 creatures vanquished.

Vanquished Creatures (others)
  A spectral weapon (D:12)
1 creature vanquished.

Grand Total: 262 creatures vanquished

Notes
Turn   | Place    | Note
-------+----------+-------------------------------------------
     0 | D:1      | Hank the Minotaur Fighter began the quest for the Orb.
     0 | D:1      | Reached XP level 1. HP: 19/19 MP: 0/0
   142 | D:1      | Reached XP level 2. HP: 26/27 MP: 1/1
   388 | D:1      | Reached skill level 4 in Shields
   808 | D:2      | Reached XP level 3. HP: 32/33 MP: 2/2
   910 | D:2      | Reached XP level 4. HP: 40/40 MP: 3/3
  1646 | D:3      | Noticed Natasha
  1662 | D:3      | Killed Natasha
  1782 | D:3      | Noticed Natasha
  1794 | D:3      | Killed Natasha
  1795 | D:3      | Reached XP level 5. HP: 41/47 MP: 4/4
  1896 | D:3      | Noticed Natasha
  1905 | D:3      | Killed Natasha
  2150 | D:3      | Noticed Jessica
  2151 | D:3      | Killed Jessica
  2152 | D:3      | Reached skill level 5 in Shields
  2328 | D:3      | Reached skill level 5 in Fighting
  2419 | D:3      | Noticed a black bear
  2424 | D:3      | Killed a black bear
  2425 | D:3      | Reached skill level 5 in Armour
  2425 | D:3      | Reached XP level 6. HP: 55/56 MP: 5/5
  2641 | D:4      | Noticed Eustachio
  2652 | D:4      | Killed Eustachio
  2653 | D:4      | Reached skill level 5 in Polearms
  2653 | D:4      | Reached XP level 7. HP: 62/62 MP: 6/6
  2784 | D:4      | Reached skill level 6 in Shields
  3807 | D:5      | Entered Level 5 of the Dungeon
  4156 | D:5      | Reached XP level 8. HP: 71/71 MP: 7/7
  4384 | D:5      | Noticed a two-headed ogre
  4408 | D:5      | Killed a two-headed ogre
  4409 | D:5      | Reached skill level 7 in Shields
  4709 | D:5      | Noticed Prince Ribbit
  4715 | D:5      | Killed Prince Ribbit
  5031 | D:6      | Reached XP level 9. HP: 81/81 MP: 8/8
  5033 | D:6      | Noticed Blork the orc
  5076 | D:6      | Killed Blork the orc
  5117 | D:6      | Reached skill level 8 in Shields
  5253 | D:6      | Reached skill level 1 in Throwing
  5253 | D:6      | Reached skill level 1 in Evocations
  5613 | D:6      | Found a staircase to the Ecumenical Temple.
  5619 | Temple   | Entered the Ecumenical Temple
  5682 | Temple   | Became a worshipper of Warmaster Okawaru
  6333 | D:7      | Identified the +4 dagger of Doom {spect, Fly rElec Int+2}
  6687 | D:7      | Reached skill level 1 in Short Blades
  7371 | D:8      | Found a sand-covered staircase.
  7379 | Ossuary  | Entered an ossuary
  7808 | D:8      | Reached * piety under Okawaru
  7860 | D:8      | Reached skill level 9 in Shields
  8047 | D:8      | Reached XP level 10. HP: 90/90 MP: 9/9
  8085 | D:8      | Found a hide-covered altar of Uskayaw.
  8087 | D:8      | Found a glowing silver altar of Zin.
  8088 | D:8      | Found a shimmering altar of Xom.
  8104 | D:8      | Found a radiant altar of Vehumet.
  8106 | D:8      | Found a sacrificial altar of Ru.
  8979 | D:9      | Found a bloodstained altar of Trog.
  8980 | D:9      | Found Zeemel's Antique Armour Boutique.
  8983 | D:9      | Noticed a two-headed ogre
  8998 | D:9      | Killed a two-headed ogre
  9145 | D:9      | Found a shimmering blue altar of Sif Muna.
  9145 | D:9      | Found a white marble altar of Elyvilon.
  9152 | D:9      | Bought a glowing chain mail for 150 gold pieces
  9242 | D:9      | Found a staircase to the Lair.
  9450 | D:9      | Reached skill level 1 in Dodging
  9450 | D:9      | Reached skill level 1 in Invocations
  9931 | D:9      | Reached ** piety under Okawaru
 10515 | D:10     | Entered Level 10 of the Dungeon
 10656 | D:10     | Noticed a two-headed ogre
 10669 | D:10     | Killed a two-headed ogre
 10847 | D:10     | Reached *** piety under Okawaru
 10889 | D:11     | Noticed Jerry's ghost (journeyman TrGl)
 10889 | D:11     | Found a runed translucent gate.
 10889 | D:11     | Found a runed translucent gate.
 10889 | D:11     | Found a runed translucent gate.
 10889 | D:11     | Found an opulent altar of Gozag.
 11268 | D:10     | Found a staircase to the Orcish Mines.
 11453 | D:10     | Reached skill level 10 in Shields
 11568 | D:11     | Noticed a six-headed hydra
 11603 | D:11     | Reached skill level 10 in Armour
 11603 | D:11     | Reached XP level 11. HP: 56/99 MP: 12/12
 11766 | D:11     | Reached skill level 10 in Fighting
 12119 | D:11     | Reached **** piety under Okawaru
 12120 | D:11     | Reached skill level 5 in Short Blades
 13029 | D:11     | Found Ceufawn's General Store.
 13031 | D:11     | Found Odwie's Specific Store.
 13765 | D:12     | Found Fyimyto's General Store.
 13829 | D:12     | Identified the +0 scale mail "Laarr" {+Blink rC+ Str-2
                  | Int+3}
 13976 | D:12     | Noticed Urug
 13990 | D:12     | Killed Urug
 14281 | D:12     | Noticed Nergalle
 14291 | D:12     | Killed Nergalle
 14292 | D:12     | Reached skill level 5 in Dodging
 14329 | D:12     | Reached ***** piety under Okawaru
 14539 | D:12     | Noticed Frances
 15004 | D:12     | Reached skill level 11 in Shields
 15048 | D:12     | HP: 1/101 [Frances/+0 hand axe (7)]
 15331 | D:12     | Noticed a sixfirhy
 15342 | D:11     | HP: 4/101 [Frances/+0 hand axe (17)]
 15348 | D:11     | Mangled by Frances

Illustrated notes

Levels and vault maps discovered:
D:1:      dpeg_arrival_short_road, layout_loops_ring
D:2:      minmay_roachtagon, layout_rooms, supply_closet_lemuel, st_stairs_10
D:3:      layout_basic, minmay_misc_feat_five, kennysheep_generic_room_2,
          uniq_jessica, uniq_natasha
D:4:      layout_basic, minivault_11, chequers_serial_rivers_small_a,
          uniq_eustachio
D:5:      layout_loops_ring, uniq_prince_ribbit1
D:6:      layout_basic, minmay_temple_entry_fiery, uniq_blork_the_orc
D:7:      layout_basic
D:8:      layout_layer_cave, minmay_overflow_temple_star_hex,
          gup_ossuary_entry_pyramid
D:9:      layout_basic, mainiacjoe_overflow_tiny_flanked,
          chequers_temple_overflow_statue_of_worship, david_lair_shrubbed,
          serial_shops, nicolae_shop_tiny_statue_garden
D:10:     layout_small_grid, orc_0_dummy
D:11:     layout_basic, ebering_ghost_gozag, serial_bayou_pond_b,
          nicolae_specific_store
D:12:     layout_cave_pools, serial_shops, nicolae_shop_real_fake_doors,
          nicolae_shop_rolling_square, amcnicky_mini_rare_corridor_liquid,
          fake_guardian_serpent_vault, uniq_urug, uniq_nergalle, uniq_frances
Temple:   nicolae_temple_great_sept

Skill      XL: |  1  2  3  4  5  6  7  8  9 10 11 |
---------------+----------------------------------+-----
Armour         | 4 5 6 7 8 10 | 10.8
Shields        | 4 5 6 7 9 10 11 | 11.0
Fighting       | 4 5 6 7 8 9 10 | 10.9
Polearms       | 3 4 5 6 7 |  7.8
Throwing       | 3 |  3.7
Evocations     | 2 3 |  3.4
Short Blades   | 2 4 6 |  6.2
Dodging        | 3 5 |  5.2
Invocations    | 2 4 |  4.6

Action                     |  1- 3 |  4- 6 |  7- 9 | 10-12 || total
---------------------------+-------+-------+-------+-------++-------
  Melee: Trident           |   118 |    72 |   177 |    13 ||   380
         Headbutt          |    10 |     7 |    48 |    85 ||   150
         Dagger            |       |       |    72 |   323 ||   395
  Throw: Stone             |     4 |     4 |       |       ||     8
         Throwing net      |       |     4 |     2 |     1 ||     7
         Boomerang         |       |     3 |    58 |    23 ||    84
         Dart              |       |       |       |    10 ||    10
         Javelin           |       |       |       |     5 ||     5
 Invoke: Heroism           |       |       |       |     4 ||     4
         Finesse           |       |       |       |     2 ||     2
  Evoke: Wand              |       |     1 |     5 |     3 ||     9
    Use: Scroll            |     3 |     8 |    12 |     8 ||    31
         Potion            |       |       |     1 |     2 ||     3
   Stab: Paralysed         |       |     3 |     6 |     7 ||    16
         Distracted        |       |       |       |     2 ||     2
         Held in net/web   |       |       |       |     1 ||     1
 Armour: Scale mail        |    41 |    21 |    12 |       ||    74
         Chain mail        |       |       |    49 |   141 ||   190
  Dodge: Dodged            |    34 |    25 |   111 |   165 ||   335
  Block: Buckler           |    16 |    15 |    49 |    82 ||   162
